 Dungeon Crawl Stone Soup version bcrawl-1.28.1b (webtiles) character file.

Game seed: 10337811965306605575

101787 Morbidden the Magician (level 4, 0/35 HPs)
             Began as a Djinni Air Elementalist on Dec 21, 2020.
             Succumbed to an adder's poison
             ... on level 4 of the Dungeon.
             The game lasted 00:07:57 (3398 turns).

Morbidden the Magician (Djinni Air Elementalist)    Turns: 3398, Time: 00:07:58

Health: 0/35       AC:  5    Str: 10    XL:     4   Next: 81%
Magic:  12/19      EV: 11    Int: 19    God:
Gold:   141        SH:  0    Dex: 11    Spells: 6/12 levels left

rFire    + . .     SeeInvis .     - Fists (3.0)
rCold    + . .     Gourm    .   (no shield)
rNeg     . . .     Faith    .   n - +0 leather armour
rPois    +         Spirit   .   b - +0 helmet
rElec    +         Reflect  .   h - +0 cloak
rCorr    +         Harm     .   (no gloves)
MR       .....     Rnd*Rage +   (boots unavailable)
Stlth    +.........             (no amulet)
HPRegen  0.11/turn              l - ring "Utaa" {+Fly MP+9}
MPRegen  0.16/turn              (no ring)

@: lethally poisoned (0 -> -5), resistant, flying
A: never pass out, berserk 2, blink, blurry vision 2, wild magic 2, MP-powered
wands, floating
a: Blink


You were on level 4 of the Dungeon.
You were hungry.

You visited 1 branch of the dungeon, and saw 4 of its levels.

You collected 141 gold pieces.

Inventory:

Missiles
 j - 65 curare-tipped needles
Armour
 b - a +0 helmet (worn)
 h - a +0 cloak (worn)
 n - a +0 leather armour (worn)
Jewellery
 l - the ring "Utaa" (left hand) {+Fly MP+9}
   (You found it on level 4 of the Dungeon)

   [ring of magical power]

   It affects your magic capacity (+9).
   It lets you fly.
Wands
 a - a wand of iceblast (8)
Scrolls
 d - a scroll of immolation {unknown}
 g - a scroll of enchant armour {unknown}
 i - a scroll of teleportation
 k - a scroll of remove curse
 m - a scroll of fear {unknown}
Potions
 c - 2 potions of flight
 f - a potion of resistance
Comestibles
 e - 4 rations {!d}
 o - a chunk of flesh


   Skills:
 * Level 1.2 Fighting
 + Level 2.0 Dodging
 + Level 1.6 Stealth
 * Level 4.7 Spellcasting
 * Level 2.7 Conjurations
 * Level 4.6 Air Magic


You had 6 spell levels left.
You knew the following spells:

 Your Spells              Type           Power        Failure   Level  Hunger
a - Shock                 Conj/Air       ####.        10%         1    None
b - Static Discharge      Air            #####...     17%         3    ###....
z - Swiftness             Chrm/Air       ###.....     22%         2    None

Your spell library contained the following spells:

 Spells                   Type           Power        Failure   Level  Hunger
 Airstrike                Air            #####.....   43%         4    #####..
 Lightning Bolt           Conj/Air       ####......   85%         5    ######.


Dungeon Overview and Level Annotations

Branches:
Dungeon (4/12)
 Temple: D:4-7

Altars:
Elyvilon
Fedhas
Okawaru
Ru
Uskayaw
The Shining One


Innate Abilities, Weirdness & Mutations

You never pass out after going berserk.
You often lose your temper in combat.
You can translocate small distances at will.
Scrolls take you longer to read.
Your spells are harder to cast, but more powerful.
You expend magic power (3 MP) to strengthen your wands.
Your body floats in the air.


Message History

No path to travel!
No path to travel!
Unknown command.
Unknown command.
Unknown command.
Unknown command.
It was a potion of resistance.
You feel protected.
* * * LOW HITPOINT WARNING * * *
You feel sick.
No path to travel!
Okay, then.
Unknown command.
* * * LOW HITPOINT WARNING * * *
You feel sick.
Unknown command.
Unknown command.
* * * LOW HITPOINT WARNING * * *
You feel sick.
You die...

...)......#
..).......#
.#........####
.............### ###
..............[###.#
...!...............#
...................#
...................#
.........(......@..#
.............#>..#.#
...../.....>######.#
.....#.....## #.#
############ #<#
##†# #..# ####


There were no monsters in sight!

Vanquished Creatures
  A worker ant (D:4)
  2 adders
  4 worms (D:2)
  3 dart slugs (D:2)
  5 leopard geckos
  7 orcs (D:3)
  5 giant cockroaches
  6 hobgoblins
  9 kobolds
  A quokka (D:2)
  2 ball pythons
  3 bats (D:2)
  2 frilled lizards
  2 goblins
  2 rats
54 creatures vanquished.

Notes
Turn   | Place    | Note
-------+----------+-------------------------------------------
     0 | D:1      | Morbidden the Djinni Air Elementalist began the quest for
                  | the Orb.
     0 | D:1      | Reached XP level 1. HP: 14/14 MP: 4/4
   797 | D:1      | Reached XP level 2. HP: 20/20 MP: 4/6
  1200 | D:2      | Found a blossoming altar of Fedhas.
  1247 | D:2      | Found an iron altar of Okawaru.
  1261 | D:2      | Found a hide-covered altar of Uskayaw.
  1366 | D:2      | Reached XP level 3. HP: 18/26 MP: 1/7
  1588 | D:2      | Learned a level 2 spell: Swiftness
  1592 | D:2      | Learned a level 3 spell: Static Discharge
  2446 | D:2      | Found a sacrificial altar of Ru.
  2598 | D:3      | Gained mutation: Your spells are harder to cast, but more
                  | powerful. [Djinni growth]
  2598 | D:3      | Gained mutation: You can translocate small distances at
                  | will. [Djinni growth]
  2598 | D:3      | Reached XP level 4. HP: 31/34 MP: 3/10
  2906 | D:3      | Found a white marble altar of Elyvilon.
  2906 | D:3      | Found a glowing golden altar of the Shining One.
  3207 | D:4      | Got a steaming bronze ring
  3212 | D:4      | Identified the ring "Utaa" {+Fly MP+9} (You found it on
                  | level 4 of the Dungeon)
  3222 | D:4      | Noticed a sky beast
  3390 | D:4      | Reached skill level 1 in Fighting
  3395 | D:4      | HP: 1/35 [poisoned by an adder]
  3398 | D:4      | Succumbed to an adder's poison

Skill      XL: |  1  2  3  4 |
---------------+-------------+-----
Conjurations   | 2 |  2.7
Air Magic      | 4 |  4.6
Spellcasting   | 4 |  4.7
Fighting       | 1 |  1.2
Dodging        | |  2.0
Stealth        | |  1.6

Action                   |  1- 3 |  4- 6 || total
-------------------------+-------+-------++-------
Melee: Unarmed           |    17 |     2 ||    19
 Cast: Shock             |   105 |    15 ||   120
       Static Discharge  |     2 |     5 ||     7
       Swiftness         |     1 |       ||     1
  Use: Scroll            |       |     2 ||     2
       Potion            |       |     1 ||     1
  Eat: Chunk             |     8 |     3 ||    11
Armor: Robe              |    16 |       ||    16
       Leather armour    |       |     7 ||     7
Dodge: Dodged            |    51 |    18 ||    69
